cohdb
Replays
Latest Replays
All Replays
Popular Replays
Top Player Replays
Match Explorer
How It Works
Community
CoH3 Stats
Reddit
Sign in to upload your games and track your stats! →
Sign in with Steam
Match 47058907
Unlisted
Match 47058907
Overview
Messages
Build Orders
End
Selects Luftwaffe Battlegroup
Selects Luftwaffe Pioneer Support
Fallschirmpioneer Squad Paradrop
Construct Infanterie Kompanie
MG 42 Machine Gun Team
Fallschirmpioneer Squad Paradrop
Infanterie Officer Quarters
Fallschirmpioneer Squad Paradrop
Selects Stuka Strafing Run
Selects Reconnaissance Run
Reconnaissance Run
Construct Panzergrenadier Kompanie
Fallschirmpioneer Squad Paradrop
Clumsy
-Caso-
1q2w3e4r
ionwood
JoSemSem
DJ-DeepN
CHOcho
Rhodesia Never Dies
0
0
Comments
sign in to comment!
No comments posted yet!